Map: 서브머린 - 래더

Players

Stats - Winner!

  • Race: Protoss Protoss
  • Spawn Location: 5:00

Namshar

  • Race: Zerg Zerg
  • League: Master
  • Spawn Location: 11:00

Event: StayAtHomestory Cup #2

VOD

Have the link to the VOD?

Description

Time

  • Played on: June 11, 2020, 9:35 a.m.
  • Length: 11:33

All games in this series

Show
View Real Time Build Order
Export as new Build Order

Stats Protoss - Winner!

Build Orders: 1 Gate Expand, Archon Immortal, Archon Drop, Dark Templar Rush 

Get SALT Encoding   

  12  0:01  Probe  
  13  0:13  Probe  
  14  0:17  Pylon  
  14  0:25  Probe  
  15  0:30  Assimilator  
  15  0:34  Probe  
  16  0:42  Probe  
  16  0:43  Gateway  
  17  0:52  Probe  
  18  1:04  Probe  
  19  1:16  Probe  
  20  1:23  Nexus  
  20  1:32  Cybernetics Core  
  20  1:35  Probe  
  21  1:40  Assimilator  
  21  1:47  Probe  
  21  1:50  Pylon  
  22  1:58  Adept  
  22  1:59  Probe  
  23  2:08  Warp Gate  
  23  2:11  Probe  
  26  2:16  Twilight Council  
  26  2:18  Stalker  
  26  2:23  Probe  
  29  2:31  Probe  
  29  2:36  Probe  
  31  2:40  Probe  
  32  2:47  Robotics Facility  
  32  2:48  Probe  
  32  2:50  Probe  
  33  3:01  Probe  
  34  3:06  Dark Shrine  
  34  3:07  Probe  
  34  3:11  Adept  
  37  3:16  Gateway  
  37  3:20  Probe x2  
  39  3:27  Gateway, Warp Prism  
  39  3:39  Probe  
  43  3:41  Probe  
  43  3:46  Pylon  
  43  3:52  Probe  
  43  3:53  Probe  
  45  3:56  Pylon  
  45  3:59  Assimilator  
  45  4:04  Probe  
  45  4:05  Probe  
  45  4:08  Adept  
  49  4:10  Adept  
  49  4:16  Probe, Pylon  
  52  4:17  Probe  
  53  4:27  Assimilator  
  53  4:32  Dark Templar x3  
  53  4:34  Probe x2  
  61  4:47  Probe x2  
  63  4:54  Pylon  
  61  5:07  Dark Templar  
  61  5:10  Archon  
  61  5:12  Probe x2  
  61  5:13  Archon  
  65  5:17  Nexus  
  65  5:18  Pylon  
  65  5:19  Pylon  
  65  5:21  Observer  
  66  5:22  Dark Templar x2  
  66  5:26  Probe  
  66  5:27  Probe  
  72  5:41  Probe x2  
  74  5:43  Immortal  
  74  5:45  Forge  
  74  5:46  Shield Battery  
  78  5:53  Probe  
  78  5:54  Probe  
  80  5:57  Sentry x3  
  80  6:02  Pylon  
  80  6:04  Forge  
  86  6:05  Gateway  
  86  6:07  Protoss Ground Weapons Level 1  
  86  6:08  Archon  
  86  6:10  Probe x2  
  88  6:21  Immortal  
  88  6:22  Probe x2  
  88  6:23  Gateway  
  94  6:29  Probe  
  95  6:34  Probe x2  
  95  6:35  Gateway  
  95  6:36  Gateway  
  95  6:38  Blink  
  97  6:42  Gateway  
  97  6:52  Immortal  
  97  6:53  Probe  
  97  6:54  Probe x2  
  100  6:56  Pylon  
  100  7:00  Assimilator  
  104  7:12  Stalker x3  
  110  7:17  Pylon  
  110  7:18  Assimilator  
  110  7:19  Pylon  
  110  7:21  Pylon  
  110  7:29  Probe x2  
  113  7:30  Probe  
  113  7:31  Templar Archives  
  113  7:37  Stalker x4  
  113  7:38  Zealot x2  
  113  7:43  Photon Cannon  
  125  7:58  Sentry x2  
  125  8:00  Stalker x3  
  125  8:01  Stalker x2  
  125  8:04  Immortal, Photon Cannon  
  125  8:05  Phoenix  
  135  8:07  Psionic Storm  
  135  8:08  Photon Cannon  
  139  8:40  Shield Battery  
  139  8:41  Shield Battery  
  139  8:43  Shield Battery  
  139  8:44  High Templar  
  139  8:45  Protoss Ground Weapons Level 2, High Templar x2  
  139  8:47  Zealot  
  139  8:48  Zealot  
  149  8:52  Pylon  
  149  8:54  Pylon  
  149  8:56  Pylon  
  149  8:57  Pylon  
  149  8:58  Charge  
  149  8:59  Pylon  
  149  9:14  High Templar x2  
  149  9:17  Zealot x6  
  165  9:45  Stalker x6  
  177  9:56  Immortal  
  177  10:09  Zealot, Pylon  
  177  10:10  Zealot x5  
  189  10:33  Zealot x4  
  193  10:45  Sentry, Dark Templar x2  
  191  10:54  Dark Templar  
  191  10:55  Zealot x3  
  173  11:14  Archon  
  173  11:15  Archon, Zealot x5  
  173  11:17  Zealot x2  
  154  11:27  Stalker  
Show
View Real Time Build Order
Export as new Build Order

Namshar Zerg 

Build Orders: Hatch First, Swarm Host 

Get SALT Encoding   

  12  0:00  Drone  
  13  0:12  Overlord  
  13  0:17  Drone  
  14  0:31  Drone  
  15  0:44  Hatchery  
  15  0:48  Drone  
  15  0:52  Drone  
  15  0:55  Drone  
  17  1:10  Spawning Pool  
  16  1:13  Extractor  
  16  1:15  Drone  
  16  1:18  Drone  
  16  1:21  Drone  
  18  1:31  Drone  
  19  1:42  Drone  
  20  1:52  Overlord  
  20  1:56  Queen x2  
  20  1:58  Zergling x2  
  25  2:03  Zergling x2  
  26  2:09  Drone  
  26  2:12  Metabolic Boost  
  27  2:16  Drone  
  27  2:20  Drone  
  29  2:26  Drone  
  31  2:30  Drone  
  31  2:41  Hatchery  
  30  2:45  Zergling x4  
  30  2:49  Overlord  
  31  3:00  Drone x2  
  31  3:02  Queen  
  35  3:10  Drone x4  
  35  3:12  Drone  
  40  3:13  Drone  
  40  3:17  Overlord  
  41  3:23  Drone x2  
  43  3:36  Roach Warren  
  43  3:37  Overlord  
  43  3:39  Drone  
  43  3:40  Drone x3  
  46  3:44  Queen  
  46  3:47  Drone x2  
  50  3:52  Overlord  
  50  3:58  Overlord  
  50  4:00  Drone x2  
  52  4:07  Spore Crawler  
  52  4:09  Spore Crawler  
  50  4:10  Spore Crawler  
  50  4:14  Zergling x10  
  54  4:20  Zergling x8  
  58  4:25  Queen  
  60  4:34  Drone x7  
  63  4:46  Queen  
  63  4:47  Drone  
  63  4:48  Drone x2  
  68  4:53  Overlord x2  
  68  5:03  Lair  
  68  5:04  Drone x5  
  72  5:10  Extractor  
  72  5:13  Overlord  
  71  5:16  Roach x5  
  81  5:22  Queen  
  81  5:28  Roach x3  
  86  5:43  Drone x12  
  86  5:48  Extractor, Drone  
  98  5:51  Overlord x2  
  98  5:57  Extractor  
  98  5:59  Extractor  
  98  6:02  Overlord  
  96  6:06  Extractor  
  91  6:15  Roach x7  
  105  6:28  Drone x6  
  105  6:31  Glial Reconstitution  
  111  6:34  Evolution Chamber  
  111  6:39  Drone  
  112  6:40  Drone x2  
  112  6:44  Roach x5  
  120  6:51  Queen  
  122  6:59  Infestation Pit  
  122  7:00  Drone, Overlord  
  122  7:01  Overlord x4  
  122  7:09  Zerg Missile Weapons Level 1  
  122  7:11  Overlord  
  122  7:12  Overlord x3  
  122  7:13  Hatchery  
  121  7:19  Overseer  
  121  7:21  Overlord  
  121  7:23  Ravager x3  
  121  7:24  Roach x4, Ravager  
  133  7:43  Overlord  
  133  7:45  Extractor  
  133  7:50  Roach x11  
  133  7:51  Roach  
  144  7:58  Ravager x2  
  144  7:59  Ravager x2  
  144  8:00  Roach, Ravager  
  144  8:01  Roach  
  152  8:06  Roach x3  
  152  8:11  Roach x3  
  164  8:21  Roach x7  
  178  8:30  Roach x3  
  178  8:32  Overlord  
  178  8:34  Hatchery  
  183  8:36  Overlord  
  182  8:47  Overlord  
  182  8:52  Swarm Host x5  
  182  8:53  Extractor, Swarm Host  
  189  9:03  Swarm Host x2  
  189  9:09  Drone x2  
  197  9:16  Ravager x2  
  199  9:43  Extractor  
  199  9:44  Swarm Host  
  197  10:08  Spine Crawler  
  197  10:09  Spine Crawler x2  
  197  10:10  Spine Crawler  
  197  10:13  Spine Crawler x2, Swarm Host x2  
  197  10:15  Spine Crawler x2  
  183  10:31  Swarm Host x8  
  199  10:35  Overseer  
  199  10:38  Pneumatized Carapace  
  170  10:52  Roach x11  
  181  10:58  Roach  
  181  10:59  Roach x10  
  165  11:12  Roach  
  165  11:13  Roach x8  
Tags
 
Add a new tag
Caveats
  • Supply blocks, unpowered buildings, or Contaminate may cause inaccurate times.
  • Supply counts are checked every 10 seconds.